 Dungeon Crawl Stone Soup version 0.30.0-7-g0c4daa9e05 (webtiles) character file.

Game seed: 11220362866410302912

30 Gabide the Ruffian (level 3, 0/29 HPs)
             Began as a Demonspawn Chaos Knight on May 13, 2023.
             Was a Plaything of Xom.
             Slain by a goblin
             ... wielding a +0 club
             ... led by Robin
              (3 damage)
             ... on level 1 of the Dungeon.
             The game lasted 00:01:42 (921 turns).

Gabide the Ruffian (Demonspawn Chaos Knight)         Turns: 921, Time: 00:01:43

Health: 0/29       AC:  5    Str: 14    XL:     3   Next: 5%
Magic:  3/3        EV: 11    Int: 13    God:    Xom [...*..]
Gold:   69         SH:  0    Dex: 12    Spells: 2/2 levels left

rFire   . .          .
                       - Unarmed
rCold   . . .        (no shield)
rNeg    . . .        a - +2 leather armour
rPois   .            (no helmet)
rElec   .            (no cloak)
rCorr   .            (no gloves)
SInv    .            (no boots)
Will    .....        (no amulet)
Stlth   +            (no ring)
HPRegen 1.24/turn    (no ring)
MPRegen 0.08/turn

%: no passive effects
@: no status effects
A: powered by death 2
a: Renounce Religion


You were on level 1 of the Dungeon.
You worshipped Xom.
You were a favourite toy of Xom.
You visited 1 branch of the dungeon, and saw 2 of its levels.

You collected 69 gold pieces.

Inventory:

Armour
 a - a +2 leather armour (worn)
Miscellaneous
 b - a piece from Xom's chessboard (15/15) (quivered)


   Skills:
 - Level 3.0 Fighting
 - Level 1.7 Armour
 - Level 0.8 Dodging
 + Level 3.8 Unarmed Combat


You had 2 spell levels left.
You didn't know any spells.
Your spell library contained the following spells:

 Spells                   Type           Power      Damage    Failure   Level
 Magic Dart               Conj           0%         1d3       36%         1
 Call Imp                 Summ           0%         N/A       50%         2
 Mephitic Cloud           Conj/Pois/Air  0%         N/A       75%         3


Dungeon Overview and Level Annotations

Branches:
Dungeon (2/15)

Altars:

Annotations:
D:2 Robin


Innate Abilities, Weirdness & Mutations

You regenerate health from kills.


Message History

The goblin hits you with a +0 club. x2; The goblin barely misses you.
The goblin hits you but does no damage. x2; The goblin hits you with a +0 club. x4
There is a stone staircase leading up, spattered with blood here.
The goblin misses you. The goblin closely misses you.
The goblin hits you with a +0 dagger.
* * * LOW HITPOINT WARNING * * *
The goblin misses you. The goblin hits you but does no damage.
The goblin hits you with a +0 club.
* * * LOW HITPOINT WARNING * * *
You climb upwards.
There is a stone staircase leading down here.
You aren't carrying any scrolls.
You completely miss the goblin. The goblin hits you with a +0 club.
* * * LOW HITPOINT WARNING * * *
The goblin hits you but does no damage. x2
You closely miss the goblin. The goblin hits you with a +0 club.
* * * LOW HITPOINT WARNING * * *
The goblin closely misses you. The goblin hits you but does no damage.
You hit the goblin.
The goblin is heavily wounded.
The goblin hits you with a +0 club.
* * * LOW HITPOINT WARNING * * *
The goblin hits you but does no damage. The goblin closely misses you.
Unknown command.
Unknown command.
Unknown command.
You barely miss the goblin.
The goblin is heavily wounded.
The goblin misses you. The goblin closely misses you.
The goblin barely misses you.
You punch the goblin!
You kill the goblin!
You hit the goblin.
You kill the goblin!
The goblin closely misses you.
You closely miss the goblin. The goblin hits you with a +0 club.
* * * LOW HITPOINT WARNING * * *
The goblin hits you with a +0 club.
You die... "It's all fun and games until someone loses an eye."

### #.# #.# #...#######...
..###.####.# #.............
........##.# #...######....
..###.#.##.# ##.## ##... ###
#.#.##.# #.# ##.# #.#.##.# #.#
#.# #......# ######.### #.#
###..### #)ggg....# ##'# # ##†#
#@####.#.# ##... ## ##.#
#g####.#.# ##.... >## ##..#
#.##...#)# ##.....
..####...#######.##.....###......
..+......................÷'......
..####.....#####.##.....###......
.## ##.##.# #........# ##..... ##
####.# ####.##### ##.... # #.#
#.# ##...


You could see 4 goblins.

Vanquished Creatures
  A dart slug (D:1)
  An endoplasm (D:1)
  A giant cockroach (D:1)
  6 goblins (D:1)
  A hobgoblin (D:1)
  4 jackals (D:1)
  2 quokkas (D:1)
  2 ball pythons (D:1)
  A frilled lizard (D:1)
  3 kobolds (D:1)
  6 rats (D:1)
28 creatures vanquished.

Notes
Turn   | Place    | Note
-------+----------+-------------------------------------------
     0 | D:1      | Gabide the Demonspawn Chaos Knight began the quest for the
                  | Orb.
     0 | D:1      | Reached XP level 1. HP: 18/18 MP: 1/1
    91 | D:1      | Gained mutation: You regenerate a little health from kills.
                  | [demonic ancestry]
    91 | D:1      | Reached XP level 2. HP: 22/24 MP: 2/2
   121 | D:1      | XOM: silly message
   374 | D:1      | XOM: noise
   872 | D:1      | XOM: divination: detect creatures
   905 | D:2      | XOM: noise
   905 | D:2      | Noticed Robin
   911 | D:1      | Gained mutation: You regenerate health from kills. [demonic
                  | ancestry]
   911 | D:1      | Reached XP level 3. HP: 29/29 MP: 3/3
   917 | D:1      | HP: 1/29 [goblin/+0 club[Robin] (1)]
   921 | D:1      | Slain by a goblin

Illustrated notes

Levels and vault maps discovered:
D:1:      spicycebolla_green_bress_n_ham, layout_loops_corners
D:2:      layout_loops_cross, uniq_robin, uniq_jessica, uniq_crazy_yiuf_cottage

Skill      XL: |  1 |
---------------+----+-----
Unarmed Combat | 3 |  3.8
Fighting       | |  3.0
Armour         | |  1.7
Dodging        | |  0.8

Action                     || total
---------------------------++-------
  Melee: Unarmed           ||    82
    Use: Scroll            ||     2
 Armour: Leather armour    ||    37
  Dodge: Dodged            ||    44
